Map: New Repugnancy LE

Players

Takker

  • Race: Protoss Protoss
  • League: Silver
  • Spawn Location: 1:00

bugianer - Winner!

  • Race: Terran Terran
  • Spawn Location: 7:00

VOD

Have the link to the VOD?

Description

Time

  • Played on: May 27, 2019, 1:59 p.m.
  • Length: 13:30
Show
View Real Time Build Order
Export as new Build Order

Takker Protoss 

Build Orders:  

Get SALT Encoding   

  12  0:01  Probe  
  13  0:13  Probe  
  14  0:35  Pylon  
  14  0:39  Probe  
  14  0:42  Pylon  
  14  0:49  Probe  
  15  0:55  Assimilator  
  16  0:59  Probe  
  17  1:09  Gateway  
  17  1:12  Gateway  
  17  1:16  Probe  
  18  1:24  Probe  
  18  1:32  Probe  
  20  1:44  Probe  
  20  1:45  Assimilator  
  21  1:56  Probe  
  22  2:06  Pylon  
  22  2:08  Probe  
  23  2:14  Zealot x2  
  27  2:18  Cybernetics Core  
  26  2:37  Nexus  
  26  2:42  Assimilator  
  26  2:57  Robotics Facility  
  26  3:01  Stalker  
  28  3:06  Zealot  
  28  3:09  Warp Gate  
  30  3:21  Probe  
  30  3:23  Pylon  
  30  3:25  Zealot  
  31  3:33  Probe  
  34  3:45  Probe  
  34  3:46  Probe  
  35  3:50  Immortal  
  40  4:09  Probe  
  40  4:12  Probe  
  42  4:26  Observer  
  43  4:32  Probe  
  43  4:33  Assimilator  
  44  4:44  Probe  
  45  4:47  Immortal  
  49  4:56  Probe  
  50  5:03  Forge  
  50  5:06  Probe, Pylon  
  50  5:07  Protoss Air Weapons Level 1  
  50  5:12  Probe  
  52  5:14  Probe  
  52  5:16  Pylon  
  53  5:23  Probe  
  53  5:26  Observer  
  55  5:48  Observer  
  56  6:00  Gateway  
  56  6:02  Gateway  
  56  6:03  Pylon x2  
  56  6:05  Pylon  
  56  6:09  Immortal  
  60  6:16  Stalker  
  60  6:17  Stalker  
  64  6:25  Stargate  
  64  6:26  Stargate  
  64  6:34  Probe  
  64  6:35  Probe  
  66  6:46  Probe  
  67  6:47  Stalker x2, Probe  
  72  6:58  Probe  
  72  6:59  Probe  
  74  7:08  Probe  
  74  7:09  Immortal  
  74  7:11  Probe  
  76  7:16  Probe, Protoss Air Armor Level 1  
  81  7:23  Probe  
  81  7:24  Probe  
  83  7:48  Immortal  
  87  7:57  Pylon  
  87  8:01  Void Ray  
  87  8:02  Nexus  
  91  8:10  Nexus  
  91  8:13  Assimilator  
  91  8:14  Void Ray  
  91  8:18  Pylon  
  95  8:26  Pylon  
  95  8:28  Stalker  
  95  8:29  Stalker x3  
  103  9:14  Stalker x4  
  105  9:32  Probe  
  105  9:36  Probe x3  
  109  9:39  Void Ray x2  
  109  9:44  Stalker x2  
  121  9:48  Probe x2  
  121  9:51  Pylon  
  122  10:07  Assimilator  
  122  10:11  Assimilator  
  108  10:22  Void Ray x2  
  70  10:46  Stalker x4  
  78  11:05  Void Ray x2  
  85  11:15  Stalker x4  
  93  11:18  Probe  
  93  11:19  Probe  
  93  11:20  Probe  
  93  11:21  Probe  
  97  11:26  Probe  
  98  11:48  Void Ray x2  
  98  11:49  Fleet Beacon  
  98  11:52  Twilight Council  
  106  11:58  Stalker x2  
  106  11:59  Stalker x2  
  114  12:01  Observer  
  97  12:16  Probe  
  98  12:28  Zealot x4, Probe  
  107  12:30  Void Ray  
  107  12:31  Void Ray  
  115  12:40  Probe  
  116  13:06  Probe  
  116  13:07  Probe x3  
  84  13:28  Assimilator  
Show
View Real Time Build Order
Export as new Build Order

bugianer Terran - Winner!

Build Orders:  

Get SALT Encoding   

  12  0:02  SCV  
  14  0:14  SCV  
  14  0:20  Supply Depot  
  14  0:29  SCV  
  15  0:41  SCV  
  15  0:42  Refinery  
  16  0:53  SCV, Barracks  
  17  1:06  SCV  
  18  1:16  Supply Depot  
  18  1:18  SCV  
  19  1:30  SCV  
  20  1:40  Refinery  
  20  1:42  SCV, Marine  
  22  1:52  Factory  
  22  1:59  Marine  
  23  2:01  SCV  
  24  2:13  SCV  
  25  2:17  Marine  
  26  2:35  Marine  
  26  2:36  Supply Depot  
  27  2:39  Factory Tech Lab  
  27  2:45  SCV  
  28  2:53  Marine  
  29  2:59  Bunker  
  29  3:00  Supply Depot  
  29  3:06  Siege Tank  
  29  3:11  Marine  
  33  3:23  Supply Depot  
  33  3:28  Marine  
  33  3:32  Armory  
  34  3:38  Siege Tank  
  34  3:40  Starport  
  37  3:46  Marine  
  38  4:02  Command Center  
  38  4:15  SCV  
  39  4:19  Starport Tech Lab  
  39  4:20  Engineering Bay  
  39  4:33  Fusion Core  
  39  4:43  Siege Tank  
  42  5:05  Refinery  
  43  5:07  SCV  
  43  5:17  Refinery  
  43  5:18  SCV  
  43  5:19  SCV  
  45  5:30  SCV  
  45  5:31  SCV  
  48  5:42  SCV  
  48  5:43  SCV  
  48  5:46  Supply Depot  
  49  5:55  SCV, Battlecruiser  
  56  6:09  Supply Depot  
  56  6:10  Starport  
  56  6:13  Terran Ship Weapons Level 1  
  56  6:15  Weapon Refit  
  56  6:25  SCV  
  57  6:35  SCV  
  57  6:37  SCV  
  59  6:47  SCV  
  59  6:49  SCV  
  59  6:50  Supply Depot  
  59  6:51  Starport Tech Lab  
  61  6:59  SCV  
  62  7:01  SCV  
  63  7:12  SCV  
  63  7:13  SCV, Supply Depot  
  65  7:26  SCV, Battlecruiser  
  72  7:31  Battlecruiser  
  78  7:38  SCV  
  79  7:50  SCV  
  80  7:55  Sensor Tower  
  80  8:07  Terran Vehicle And Ship Armor Level 1  
  80  8:18  Sensor Tower  
  80  8:30  Supply Depot  
  80  8:42  Sensor Tower  
  80  8:51  Command Center  
  80  8:53  Supply Depot  
  80  9:02  Missile Turret  
  80  9:09  Refinery  
  80  9:16  Supply Depot  
  80  9:17  Battlecruiser  
  86  9:20  Refinery  
  86  9:22  Missile Turret  
  86  9:39  Battlecruiser, Supply Depot  
  92  9:45  Missile Turret  
  92  10:01  Terran Ship Weapons Level 2  
  92  10:05  Missile Turret  
  92  10:21  Battlecruiser  
  92  10:25  Missile Turret  
  84  10:45  Missile Turret  
  84  10:49  Battlecruiser  
  90  10:57  SCV  
  91  11:05  Missile Turret  
  91  11:09  SCV  
  92  11:21  SCV  
  92  11:25  Battlecruiser  
  99  11:29  Siege Tank  
  102  11:33  SCV  
  102  11:35  Bunker  
  103  11:45  SCV  
  104  12:01  Siege Tank  
  107  12:19  SCV  
  108  12:24  SCV  
  109  12:37  SCV  
  110  12:49  SCV  
Tags
 
League
Silver
Matchup
PvT
Replay Pack
Up to May 28th
Spawn Locations
Cross Positions
Add a new tag
Caveats
  • Supply blocks, unpowered buildings, or Contaminate may cause inaccurate times.
  • Supply counts are checked every 10 seconds.